 Dungeon Sprint DCSS version 0.22-a0-425-g89d60a11d8 (webtiles) character file.

87341 Ebeneezer the Shatterer (level 15, -1/160 HPs)
             Began as a Centaur Berserker on May 24, 2018.
             Was the Champion of Trog.
             Killed from afar by a merfolk aquamancer (34 damage)
             ... with a shard of ice
             ... in the Dungeon (Sprint IX: "|||||||||||||||||||||||||||||").
             The game lasted 00:14:20 (5754 turns).

Ebeneezer the Shatterer (Centaur Berserker)         Turns: 5754, Time: 00:14:21

Health: -1/160     AC: 32    Str: 20    XL:     15   Next: 6%
Magic:  15/15      EV:  8    Int:  6    God:    Trog [******]
Gold:   385        SH:  5    Dex: 16    Spells: 14/14 levels left

rFire    + . .     SeeInvis .   m - +6 dire flail (protect)
rCold    . . .     Gourm    .   (shield currently unavailable)
rNeg     + . .     Faith    .   A - +2 chain mail {rPois}
rPois    +         Spirit   .   T - +1 helmet
rElec    .         Reflect  +   w - +1 cloak
rCorr    .         Harm     .   V - +1 pair of gloves
MR       +....     NoTele   +   S - +2 centaur barding
Stlth    ..........             x - amulet "Mase" {Reflect rN+ Dex+3 SH+5}
HPRegen  0.36/turn              p - +2 ring of protection
MPRegen  0.14/turn              I - ring of protection from fire

@: lethally poisoned (-1 -> -1), berserk cooldown, very slightly contaminated,
starving, hasted and slowed, drained, very slow
A: large, hooves 3, deformed body, speed 2, tough skin 3, weak 1
}: 1/15 runes: decaying
a: Berserk, Trog's Hand, Brothers in Arms, Renounce Religion


You were in the Dungeon.
You worshipped Trog.
Trog was exalted by your worship.
You were starving.

You visited 1 branch You collected 1936 gold pieces.
You spent 1551 gold pieces at shops.

Inventory:

Hand Weapons
 m - a +6 dire flail of protection (weapon)
 n - a +7 arbalest of flaming
 q - a +2 arbalest of freezing
 s - a +6 arbalest of freezing
 Q - a +3 eveningstar of draining
Missiles
 v - 339 bolts
Armour
 w - a +1 cloak (worn)
 A - a +2 chain mail of poison resistance (worn)
 L - the +5 plate armour "Temez" {rC- Regen+ SInv}
   (You found it in the Dungeon)

   It makes you vulnerable to cold.
   It lets you see invisible.
   It increases your rate of regeneration.
 S - a +2 centaur barding (worn)
 T - a +1 helmet (worn)
 V - a +1 pair of gloves (worn)
Jewellery
 p - a +2 ring of protection (left hand)
 x - the amulet "Mase" (around neck) {Reflect rN+ Dex+3 SH+5}
   (You bought it in a shop in the Dungeon)

   [amulet of reflection]

   It shields you and reflects attacks.
   It affects your dexterity (+3).
   It protects you from negative energy.
   It affects your SH (+5).
 z - an uncursed amulet of regeneration
 B - the ring of Equilibrium {Wiz rC- MR+++ Stlth+}
   (You bought it in a shop in the Dungeon)

   [ring of wizardry]

   It improves your spell success rate.
   It makes you vulnerable to cold.
   It affects your resistance to hostile enchantments.
   It makes you more stealthy.
 D - an uncursed amulet of guardian spirit {unknown}
 I - a ring of protection from fire (right hand)
Wands
 a - a wand of paralysis (8)
 l - a wand of iceblast (19)
 y - a wand of enslavement (7)
Scrolls
 b - 3 scrolls of fear
 i - 4 scrolls of blinking
 k - 7 scrolls of remove curse
 r - 2 scrolls of identify
 F - 7 scrolls of enchant armour
 G - a scroll of enchant weapon
 M - 2 scrolls of fog
Potions
 d - 13 potions of curing
 e - 12 potions of heal wounds
 g - 4 potions of magic
 h - 3 potions of berserk rage
 j - a potion of invisibility
 o - a potion of resistance
 E - 2 potions of brilliance
Comestibles
 c - 10 rations


   Skills:
 + Level 21.8(21.2) Fighting
 + Level 22.7(22.1) Maces & Flails
 * Level 16.0(15.5) Crossbows
 + Level 15.1(14.6) Armour
 + Level 8.3(7.8) Dodging


You had 14 spell levels left.
You didn't know any spells.
Your spell library was empty.

Dungeon Overview and Level Annotations

Branches:
Dungeon (1/1)

Altars:
Cheibriados
Dithmenos
Elyvilon
Fedhas
Gozag
Hepliaklqana
Kikubaaqudgha
Makhleb
Nemelex Xobeh
Okawaru
Qazlal
Ru
Sif Muna
Trog
Uskayaw
Vehumet
Wu Jian
Xom
Yredelemnul
Zin
The Shining One
Beogh
Jiyva
Lugonu

Shops:
D =*?!

Annotations:
D Ilsuiw


Innate Abilities, Weirdness & Mutations

You have hooves in place of feet.
Armour fits poorly on your strangely shaped body.
You cover ground very quickly.
You have extremely tough skin. (AC +3)
You are weak. (Str -2)


Message History

You feel sick.
Things that are here:
a spear; a spriggan corpse The merfolk aquamancer casts a spell at you.
The torrent of water hits you!
* * * LOW HITPOINT WARNING * * *
You are knocked back by the torrent of water.
The wave splashes down.
There is an open door to Swamp:4, spattered with blood here.
Things that are here:
a hydra corpse x2
You feel much better.
You feel yourself speed up.
You feel sick.
The merfolk aquamancer casts a spell at you.
The torrent of water misses you.
The wave splashes down.
You enter the shallow water.
Moving in this stuff is going to be slow.
The merfolk aquamancer casts a spell at you.
The shard of ice hits you!
You die...

▓...........)((..))÷).(
▓▓▓▓▓▓▓▓▓▓▓▓▓▓▓▓▓▓▓▓▓▓▓
▓..............)))))..)
▓.▓▓▓▓▓▓▓▓▓▓▓▓▓▓▓▓▓▓▓▓▓
▓............'.........
▓▓▓▓▓▓▓▓▓▓▓▓▓▓▓▓▓▓▓▓▓▓▓
▓......................
▓.▓▓▓▓▓▓♣♣♣♣♣♣♣♣♣♣♣♣♣♣▓
▓.....@≈††m†{m.≈≈(.m..)
▓▓▓▓▓▓▓▓♣♣♣♣♣♣♣♣♣♣♣♣♣♣▓


You could see 2 merfolk aquamancers.

Vanquished Creatures
  Margery (D)
  A sphinx (D)
  Gastronok (D)
  Kirke (D)
  Agnes (D)
  2 fire giants (D)
  2 frost giants (D)
  A ghost moth (D)
  An emperor scorpion (D)
  Louise (D)
  Nessos (D)
  A dire elephant (D)
  2 merfolk javelineers (D)
  3 merfolk impalers (D)
  7 hydras (D)
  A centaur warrior (D)
  A spriggan air mage (D)
  A two-headed ogre (D)
  2 anacondas (D)
  2 merfolk aquamancers (D)
  2 alligators (D)
  2 orc high priests (D)
  A hell knight (D)
  A shock serpent (D)
  A spriggan berserker (D)
  A sea snake (shapeshifter) (D)
  A sea snake (D)
  A naga ritualist (D)
  5 swamp dragons (D)
  7 orc knights (D)
  2 necromancers (D)
  An orb spider (D)
  2 orc sorcerers (D)
  4 wolf spiders (D)
  An ugly thing (D)
  A manticore (D)
  Maurice (D)
  A vault sentinel (D)
  5 elephants (D)
  6 black mambas (D)
  2 spiny frogs (D)
  A troll (shapeshifter) (D)
  2 jumping spiders (D)
  A wind drake (D)
  A meliai (D)
  2 merfolk (D)
  A troll (D)
  2 hornets (D)
  3 hippogriffs (D)
  A bog body (D)
  A snapping turtle (D)
  A spriggan (D)
  2 hogs (D)
  A hungry ghost (D)
  Grum (D)
  2 insubstantial wisps (D)
  2 vampire mosquitoes (D)
  4 porcupines (D)
  A water moccasin (D)
  5 orc warriors (D)
  A sky beast (D)
  2 swamp drakes (D)
  An ice beast (D)
  An eye of draining (shapeshifter) (D)
  6 wolves (D)
  2 crocodiles (D)
  A bullfrog (D)
  A crimson imp (D)
  3 hounds (D)
  3 orc wizards (D)
  A gnoll (D)
  An adder (D)
  An adder skeleton (D)
  16 orcs (D)
  A bat (D)
  A bat skeleton (D)
  A goblin (D)
  2 hobgoblins (D)
  A jackal zombie (D)
  A rat (D)
162 creatures vanquished.

Vanquished Creatures (collateral kills)
  A sphinx (D)
  A tengu reaver (D)
  A frost giant (D)
  A fire giant (D)
  3 vault wardens (D)
  An entropy weaver (D)
  2 very ugly things (D)
  A vampire knight (D)
  A stone giant (D)
  An ettin (D)
  2 yaktaur captains (D)
  A tengu warrior (D)
  A vampire mage (D)
  A spriggan berserker (D)
  An orc high priest (D)
  A skeletal warrior (D)
  A hell knight (D)
  A deep elf archer (D)
  A glowing orange brain (D)
  A deep elf mage (D)
  3 orc knights (D)
  3 ugly things (D)
  2 necromancers (D)
  An orc sorcerer (D)
  2 elephants (D)
  A rime drake (shapeshifter) (D)
  A freezing wraith (D)
  A hornet (D)
  A hippogriff (shapeshifter) (D)
  A hippogriff (D)
  A wraith (D)
  A basilisk (D)
  A water moccasin (D)
  3 orc warriors (D)
  A wolf (D)
  A boggart (D)
  A bullfrog (D)
  An orc priest (D)
  An orc (D)
51 creatures vanquished.

Grand Total: 213 creatures vanquished

Notes
Turn   | Place    | Note
-------+----------+-------------------------------------------
     0 | D        | Ebeneezer the Centaur Berserker began the quest for the Orb.
     0 | D        | Reached XP level 1. HP: 19/19 MP: 1/1
     4 | D        | Reached skill level 3 in Maces & Flails
     9 | D        | Reached ** piety under Trog
    12 | D        | Reached skill level 4 in Maces & Flails
    58 | D        | Reached *** piety under Trog
    58 | D        | Reached skill level 5 in Maces & Flails
    58 | D        | Reached XP level 2. HP: 26/26 MP: 2/2
    61 | D        | Reached skill level 6 in Maces & Flails
    65 | D        | Reached XP level 3. HP: 31/31 MP: 3/3
   105 | D        | Found a roughly hewn altar of Beogh.
   105 | D        | Found a snail-covered altar of Cheibriados.
   105 | D        | Found a shadowy altar of Dithmenos.
   105 | D        | Found a white marble altar of Elyvilon.
   105 | D        | Found a blossoming altar of Fedhas.
   105 | D        | Found an opulent altar of Gozag.
   106 | D        | Found a hazy altar of Hepliaklqana.
   107 | D        | Found a viscous altar of Jiyva.
   108 | D        | Found an ancient bone altar of Kikubaaqudgha.
   109 | D        | Found a corrupted altar of Lugonu.
   110 | D        | Found a burning altar of Makhleb.
   111 | D        | Found a sparkling altar of Nemelex Xobeh.
   112 | D        | Found an iron altar of Okawaru.
   113 | D        | Found a stormy altar of Qazlal.
   114 | D        | Found a sacrificial altar of Ru.
   115 | D        | Found a deep blue altar of Sif Muna.
   116 | D        | Found a bloodstained altar of Trog.
   117 | D        | Found a hide-covered altar of Uskayaw.
   118 | D        | Found a radiant altar of Vehumet.
   119 | D        | Found an ornate altar of the Wu Jian Council.
   120 | D        | Found a shimmering altar of Xom.
   121 | D        | Found a basalt altar of Yredelemnul.
   122 | D        | Found a glowing silver altar of Zin.
   123 | D        | Found a glowing golden altar of the Shining One.
   170 | D        | Noticed an orc warrior
   170 | D        | Noticed a sky beast
   174 | D        | Killed an orc warrior
   174 | D        | Reached **** piety under Trog
   174 | D        | Reached skill level 5 in Fighting
   174 | D        | Reached skill level 7 in Maces & Flails
   174 | D        | Reached XP level 4. HP: 42/42 MP: 4/4
   179 | D        | Reached skill level 8 in Maces & Flails
   179 | D        | Reached XP level 5. HP: 50/50 MP: 5/5
   192 | D        | Killed a sky beast
   192 | D        | Reached skill level 9 in Maces & Flails
   192 | D        | Reached XP level 6. HP: 60/60 MP: 6/6
   218 | D        | Noticed a two-headed ogre
   218 | D        | Noticed a hippogriff
   218 | D        | Noticed a troll
   218 | D        | Noticed a hungry ghost
   218 | D        | Noticed an orc warrior
   227 | D        | Killed a two-headed ogre
   227 | D        | Reached ***** piety under Trog
   227 | D        | Reached skill level 11 in Maces & Flails
   227 | D        | Reached XP level 7. HP: 38/71 MP: 7/7
   231 | D        | Killed a hippogriff
   231 | D        | Reached skill level 10 in Fighting
   231 | D        | Reached skill level 12 in Maces & Flails
   231 | D        | Reached XP level 8. HP: 43/79 MP: 8/8
   233 | D        | Killed a troll
   566 | D        | Gained mutation: You are frail. (-10% HP) [potion of mutation]
   566 | D        | Gained mutation: You are partially covered in molten scales. (AC +2) [potion of mutation]
   593 | D        | Received a gift from Trog
   593 | D        | Reached skill level 13 in Maces & Flails
   598 | D        | Reached skill level 5 in Dodging
   632 | D        | Received a gift from Trog
   632 | D        | Reached XP level 9. HP: 51/80 MP: 9/9
   761 | D        | Noticed a spiny frog
   761 | D        | Noticed a black mamba
   765 | D        | Noticed a spiny frog
   771 | D        | Killed a spiny frog
   771 | D        | Reached skill level 14 in Maces & Flails
   771 | D        | Reached skill level 5 in Armour
   777 | D        | Killed a black mamba
   791 | D        | Killed a spiny frog
   797 | D        | Received a gift from Trog
   966 | D        | Noticed a dire elephant
   966 | D        | Noticed an elephant
   966 | D        | Noticed an elephant
   966 | D        | Noticed an elephant
   966 | D        | Noticed an elephant
   966 | D        | Noticed an elephant
   973 | D        | Killed a dire elephant
   973 | D        | Reached skill level 15 in Maces & Flails
   973 | D        | Reached XP level 10. HP: 83/90 MP: 4/10
   978 | D        | Killed an elephant
   979 | D        | Noticed an elephant
   983 | D        | Killed an elephant
   986 | D        | Killed an elephant
   988 | D        | Killed an elephant
   994 | D        | Killed an elephant
   997 | D        | Killed an elephant
   997 | D        | Received a gift from Trog
  1006 | D        | Noticed an elephant
  1009 | D        | Killed an elephant
  1009 | D        | Reached skill level 16 in Maces & Flails
  1249 | D        | Noticed Gastronok
  1259 | D        | Killed Gastronok
  1259 | D        | Reached XP level 11. HP: 97/97 MP: 11/11
  1360 | D        | Noticed an orc knight
  1379 | D        | Noticed an orc sorcerer
  1397 | D        | Received a gift from Trog
  1397 | D        | Reached ****** piety under Trog
  1403 | D        | Killed an orc knight
  1412 | D        | Killed an orc sorcerer
  1421 | D        | Received a gift from Trog
  1532 | D        | Noticed an orc high priest
  1532 | D        | Noticed an orc knight
  1536 | D        | Noticed an orc knight
  1544 | D        | Noticed an orc sorcerer
  1547 | D        | Killed an orc high priest
  1547 | D        | Reached skill level 10 in Armour
  1548 | D        | Noticed an orc knight
  1552 | D        | Killed an orc knight
  1557 | D        | Killed an orc knight
  1557 | D        | Killed an orc sorcerer
  1557 | D        | Received a gift from Trog
  1557 | D        | Reached skill level 17 in Maces & Flails
  1560 | D        | Killed an orc knight
  1576 | D        | Got a faintly glowing hunting sling {god gift}
  1586 | D        | Identified the +4 hunting sling of Midnight {speed, rElec Dex+3 Stlth+} (Trog gifted it to you in the Dungeon)
  1694 | D        | Found Fuep's Jewellery Emporium.
  1694 | D        | Noticed an orc knight
  1702 | D        | Noticed an orc knight
  1712 | D        | Killed an orc knight
  1713 | D        | Found Suimol's Assorted Antiques.
  1716 | D        | Received a gift from Trog
  1719 | D        | Found Dagobamp's Magic Scroll Emporium.
  1720 | D        | Noticed an orc high priest
  1726 | D        | Killed an orc knight
  1729 | D        | Killed an orc high priest
  1922 | D        | Noticed an orc knight
  1932 | D        | Killed an orc knight
  1932 | D        | Reached skill level 15 in Fighting
  1978 | D        | Noticed an orc sorcerer
  1987 | D        | Killed an orc sorcerer
  1987 | D        | Received a gift from Trog
  2015 | D        | Found Kuwn's Distillery.
  2019 | D        | Noticed an orc high priest
  2020 | D        | Noticed an orc knight
  2029 | D        | Killed an orc high priest
  2038 | D        | Killed an orc knight
  2068 | D        | Bought the amulet "Mase" {Reflect rN+ Dex+3 SH+5} for 821 gold pieces
  2070 | D        | Bought a scintillating lapis lazuli ring for 95 gold pieces
  2070 | D        | Bought a dented garnet amulet for 95 gold pieces
  2070 | D        | Bought 2 potions of curing for 114 gold pieces
  2070 | D        | Bought a coppery potion for 17 gold pieces
  2070 | D        | Bought a potion of curing for 57 gold pieces
  2070 | D        | Bought a scroll of blinking for 142 gold pieces
  2072 | D        | Bought a scroll of enchant armour for 105 gold pieces
  2072 | D        | Bought a scroll of enchant weapon for 105 gold pieces
  2082 | D        | Identified the ring of Equilibrium {Wiz rC- MR+++ Stlth+} (You bought it in a shop in the Dungeon)
  2351 | D        | Noticed Maurice
  2360 | D        | Killed Maurice
  2360 | D        | Reached skill level 1 in Crossbows
  2405 | D        | Noticed Grum
  2416 | D        | Killed Grum
  2425 | D        | Received a gift from Trog
  2493 | D        | Got the +5 plate armour "Temez" {rC- Regen+ SInv}
  2529 | D        | Lost mutation: You are frail. (-10% HP) [potion of mutation]
  2529 | D        | Lost mutation: You are partially covered in molten scales. (AC +2) [potion of mutation]
  2529 | D        | Gained mutation: You are weak. (Str -2) [potion of mutation]
  2529 | D        | Gained mutation: Your spells are a little easier to cast, but a little less powerful. [potion of mutation]
  2529 | D        | Lost mutation: Your spells are a little easier to cast, but a little less powerful. [potion of mutation]
  2579 | D        | Noticed a frost giant
  2583 | D        | Reached XP level 12. HP: 122/122 MP: 7/12
  2587 | D        | Noticed a red very ugly thing
  2592 | D        | Received a gift from Trog
  2593 | D        | Noticed a purple very ugly thing
  2602 | D        | Noticed a tengu warrior
  2604 | D        | Killed a frost giant
  2610 | D        | Killed a purple very ugly thing
  2611 | D        | Killed a purple very ugly thing
  2611 | D        | Reached skill level 18 in Maces & Flails
  2611 | D        | Reached skill level 5 in Crossbows
  2614 | D        | Received a gift from Trog
  2628 | D        | Killed a tengu warrior
  2628 | D        | Received a gift from Trog
  3078 | D        | Noticed Agnes
  3086 | D        | Killed Agnes
  3129 | D        | Noticed Kirke
  3147 | D        | Killed Kirke
  3147 | D        | Received a gift from Trog
  3314 | D        | Noticed an eight-headed hydra
  3314 | D        | Noticed a seven-headed hydra
  3314 | D        | Noticed an alligator
  3317 | D        | Killed an eight-headed hydra
  3318 | D        | Noticed an alligator
  3323 | D        | Killed a seven-headed hydra
  3331 | D        | Killed an alligator
  3339 | D        | Killed an alligator
  3339 | D        | Received a gift from Trog
  3416 | D        | Noticed a merfolk impaler
  3416 | D        | Noticed a merfolk javelineer
  3416 | D        | Noticed a merfolk impaler
  3426 | D        | Killed a merfolk impaler
  3430 | D        | Reached XP level 13. HP: 132/132 MP: 13/13
  3434 | D        | Noticed a merfolk impaler
  3435 | D        | Killed a merfolk javelineer
  3440 | D        | Killed a merfolk impaler
  3443 | D        | Received a gift from Trog
  3460 | D        | Killed a merfolk impaler
  3460 | D        | Reached skill level 19 in Maces & Flails
  3635 | D        | Noticed an emperor scorpion
  3646 | D        | Received a gift from Trog
  3646 | D        | Reached skill level 10 in Crossbows
  3653 | D        | Killed a ghost moth
  3660 | D        | Killed an emperor scorpion
  3731 | D        | Received a gift from Trog
  3735 | D        | Received a gift from Trog
  3747 | D        | Received a gift from Trog
  3892 | D        | Noticed Nessos
  3904 | D        | Killed Nessos
  3904 | D        | Received a gift from Trog
  3904 | D        | Reached skill level 20 in Maces & Flails
  3992 | D        | Noticed a tengu reaver
  3992 | D        | Noticed a fire giant
  3992 | D        | Noticed a frost giant
  3992 | D        | Noticed a vampire knight
  3993 | D        | Noticed an ettin
  4003 | D        | Killed a tengu reaver
  4018 | D        | Killed a fire giant
  4021 | D        | Killed a frost giant
  4021 | D        | Received a gift from Trog
  4023 | D        | Killed a vampire knight
  4027 | D        | Killed an ettin
  4027 | D        | Received a gift from Trog
  4033 | D        | Noticed a sphinx
  4041 | D        | Killed a sphinx
  4070 | D        | Noticed a sphinx
  4085 | D        | Received a gift from Trog
  4091 | D        | Killed a sphinx
  4091 | D        | Received a gift from Trog
  4091 | D        | Reached XP level 14. HP: 59/146 MP: 14/14
  4402 | D        | Noticed a fire giant
  4403 | D        | Noticed a frost giant
  4404 | D        | Noticed a fire giant
  4413 | D        | Killed a fire giant
  4417 | D        | Killed a frost giant
  4417 | D        | Received a gift from Trog
  4421 | D        | Killed a fire giant
  4421 | D        | Reached skill level 21 in Maces & Flails
  4555 | D        | Noticed a vault warden
  4559 | D        | Noticed a vault warden
  4565 | D        | Received a gift from Trog
  4569 | D        | Noticed a stone giant
  4583 | D        | Killed a vault warden
  4583 | D        | Received a gift from Trog
  4585 | D        | Killed a vault warden
  4585 | D        | Received a gift from Trog
  4586 | D        | Killed a stone giant
  4587 | D        | Received a gift from Trog
  4596 | D        | Noticed an entropy weaver
  4597 | D        | Received a gift from Trog
  4602 | D        | Noticed a vault warden
  4602 | D        | Received a gift from Trog
  4608 | D        | Killed an entropy weaver
  4616 | D        | Killed a vault warden
  4619 | D        | Received a gift from Trog
  4924 | D        | Noticed Margery
  4930 | D        | Received a gift from Trog
  4940 | D        | Killed Margery
  4940 | D        | Reached skill level 22 in Maces & Flails
  4945 | D        | Received a gift from Trog
  4945 | D        | Reached skill level 15 in Crossbows
  5272 | D        | Got the +1 great mace "Iduf Iji" {crush, *Slow rF+ MP+9 SInv}
  5423 | D        | Noticed Louise
  5447 | D        | Killed Louise
  5447 | D        | Received a gift from Trog
  5639 | D        | Received a gift from Trog
  5642 | D        | Reached skill level 15 in Armour
  5663 | D        | Received a gift from Trog
  5667 | D        | Reached XP level 15. HP: 108/159 MP: 15/15
  5688 | D        | Got a decaying rune of Zot
  5725 | D        | Noticed Ilsuiw
  5734 | D        | Received a gift from Trog
  5754 | D        | Killed from afar by a merfolk aquamancer

Vault maps used:
D:        linesprint

Skill      XL: |  1  2  3  4  5  6  7  8  9 10 11 12 13 14 15 |
---------------+----------------------------------------------+-----
Maces & Flails | 5 6 7 8 9 11 12 13 15 16 17 18 20 22 | 22.7
Fighting       | 5 7 9 10 11 12 13 15 17 19 21 | 21.8
Armour         | 2 3 4 7 9 11 13 14 15 | 15.1
Dodging        | 2 3 4 5 6 7 8 |  8.3
Crossbows      | 3 8 12 15 16 | 16.0

Action                   |  1- 3 |  4- 6 |  7- 9 | 10-12 | 13-15 || total
-------------------------+-------+-------+-------+-------+-------++-------
Melee: Mace              |    18 |       |       |       |       ||    18
       Kick              |     5 |     7 |    16 |    86 |   103 ||   217
       Morningstar       |     3 |    24 |    24 |       |       ||    51
       Dire flail        |       |       |    36 |   214 |    72 ||   322
       Great mace        |       |       |       |    28 |    53 ||    81
       Unarmed           |       |       |       |     4 |       ||     4
       Eveningstar       |       |       |       |       |   127 ||   127
Invok: Berserk           |     2 |     1 |     3 |    10 |     9 ||    25
       Brothers in Arms  |       |       |     2 |     5 |     9 ||    16
       Trog's Hand       |       |       |       |     2 |     2 ||     4
  Use: Potion            |       |       |     1 |     2 |     2 ||     5
       Scroll            |       |       |       |       |     2 ||     2
  Eat: Chunk             |       |       |     6 |    19 |    15 ||    40
       Ration            |       |       |       |       |     1 ||     1
Armor: Animal skin       |     8 |       |       |       |       ||     8
       Chain mail        |     1 |     8 |    22 |    72 |   121 ||   224
Dodge: Dodged            |     4 |     7 |    16 |    45 |    69 ||   141
Block: Other             |       |       |       |    13 |    51 ||    64
       Reflection        |       |       |       |       |     2 ||     2

Table legend:
 A = Spawn XP
 B = Non-spawn XP
 C = Spawn XP percentage of total XP
 D = Spawn monster count
 E = Non-spawn monster count
 F = Spawn count percentage of total count
 G = Total turns spent on level
                    A         B        C        D         E        F      G
               +---------+---------+-------+---------+---------+-------+---------
         Total |       0 |  106202 |   0.0 |       0 |     213 |   0.0 |  5754
               +---------+---------+-------+---------+---------+-------+---------
             D |       0 |  106202 |   0.0 |       0 |     213 |   0.0 |  5754
               +---------+---------+-------+---------+---------+-------+---------
